 Dungeon Crawl Stone Soup version 0.22-a0-379-ga9d99d6 (webtiles) character file.

1691 Kairos the Chopper (level 9, -1/69 HPs)
             Began as a Vine Stalker Fighter on Apr 28, 2018.
             Was a Follower of Okawaru.
             Killed by divine providence
             ... invoked by an orc priest
              (10 damage)
             ... on level 6 of the Dungeon.
             The game lasted 00:08:13 (4083 turns).

Kairos the Chopper (Vine Stalker Fighter)           Turns: 4083, Time: 00:08:15

Health: -1/69      AC: 10    Str: 26    XL:     9   Next: 2%
Magic:  0/11       EV:  9    Int: 12    God:    Okawaru [*.....]
Gold:   311        SH: 11    Dex: 15    Spells: 8/8 levels left

rFire    + . .     SeeInvis .   a - +2 war axe
rCold    x . .     Gourm    .   c - +0 shield
rNeg     . . .     Faith    .   s - +2 scale mail {rPois}
rPois    +         Spirit   +   x - +0 helmet (curse)
rElec    .         Reflect  .   (no cloak)
rCorr    .         Harm     .   (no gloves)
MR       +....                  (no boots)
Stlth    ..........             A - amulet of rage
HPRegen  0.61/turn              r - ring of fire
MPRegen  0.12/turn              C - +4 ring of intelligence

@: berserking, very quick
A: fangs 3, regeneration 1, magic shield, antimagic bite, no potion heal 3, rot
immunity
a: Heroism, Renounce Religion, Evoke Berserk Rage


You were on level 6 of the Dungeon.
You worshipped Okawaru.
Okawaru was aware of your devotion.
You were hungry.

You visited 2 branches of the dungeon, and saw 7 of its levels.

You collected 311 gold pieces.

Inventory:

Hand Weapons
 a - a +2 war axe (weapon)
Missiles
 b - 11 tomahawks (quivered)
Armour
 c - a +0 shield (worn)
 s - a +2 scale mail of poison resistance (worn)
 x - a cursed +0 helmet (worn)
Magical Staves
 u - an uncursed staff of air
Jewellery
 h - an uncursed amulet of faith
 r - a ring of fire (left hand)
 A - an amulet of rage (around neck)
 C - a +4 ring of intelligence (right hand)
Wands
 v - a wand of iceblast (6)
 y - a wand of scattershot (5)
Scrolls
 j - 2 scrolls of remove curse
 l - a scroll of enchant armour {unknown}
 m - 4 scrolls of teleportation
 n - a scroll of immolation {unknown}
 o - 2 scrolls of fear
 q - 2 scrolls of noise
 t - a scroll of amnesia {unknown}
 B - a scroll of identify
Potions
 d - 2 potions of might
 e - a potion of heal wounds
 g - 2 potions of lignification {unknown}
 i - a potion of brilliance {unknown}
 k - 7 potions of curing
 p - a potion of haste {unknown}
 w - a potion of invisibility {unknown}
 z - a potion of flight {unknown}
Comestibles
 f - 4 rations
 D - 6 chunks of flesh


   Skills:
 + Level 4.4 Fighting
 + Level 6.8 Axes
 + Level 4.5 Armour
 + Level 2.1 Dodging
 + Level 1.4 Stealth
 + Level 4.9 Shields
 + Level 1.4 Evocations


You had 8 spell levels left.
You didn't know any spells.

Dungeon Overview and Level Annotations

Branches:
Dungeon (6/15)             Temple (1/1) D:4

Altars:
Ashenzari
Cheibriados
Dithmenos
Elyvilon
Gozag
Kikubaaqudgha
Makhleb
Nemelex Xobeh
Okawaru
Qazlal
Ru
Sif Muna
Vehumet
Wu Jian
Xom
Yredelemnul
Zin
The Shining One


Innate Abilities, Weirdness & Mutations

You have razor-sharp teeth.
Your natural rate of healing is unusually fast.
When hurt, damage is shared between your health and your magic reserves.
Your bite disrupts and absorbs the magic of your enemies.
Potions cannot restore your health.
You are immune to rotting.


Message History

* * * LOW HITPOINT WARNING * * *
You slash the orc wizard!
The orc wizard is almost dead.
You hit the ogre.
The orc wizard mumbles some strange words.
The orc wizard flickers and vanishes!
Deactivating autopickup; reactivate with Ctrl-A.
You block the ogre's attack.
You slash the ogre!
You kill the ogre!
Okawaru accepts your kill.
You have reached level 9!
Your experience leads to an increase in your attributes!
Your base attributes are Str 20, Int 8, Dex 15.
Increase (S)trength, (I)ntelligence, or (D)exterity?
You feel stronger.
You closely miss something.
The orc priest calls down the wrath of Beogh upon you.
Beogh smites you!
You die...

.. #.#
#......... #.#
#.# #.........
#.. #.#
#......... ..
#.## #.#
#.........
....##..###.#
##########
............#
...###.###.#
#..##.# ##@##.#
. #){#.# ...
##o#.#
#...###'#.##..
#..oO..........
#.....†........
................
..#...........##
. #.......>.....


You could see an orc priest.

Vanquished Creatures
  3 ice beasts
  A black bear (D:6)
  2 ogres (D:6)
  2 centaurs (D:5)
  A wyvern skeleton (D:6)
  A water moccasin skeleton (D:3)
  3 killer bees (D:6)
  The ghost of 4thArraOfDagon the Digger, a weakling DsEE (D:5)
  A crimson imp (D:4)
  2 orc priests
  A bullfrog zombie (D:6)
  A bullfrog skeleton (D:5)
  3 jellies
  6 orc wizards
  2 hounds (D:5)
  An iguana (D:4)
  2 worker ants (D:4)
  4 adders
  11 oozes
  5 dart slugs
  3 leopard geckos
  19 orcs
  8 bats
  2 giant cockroaches
  4 goblins
  4 hobgoblins
  10 jackals
  3 ball pythons
  7 frilled lizards
  A jackal skeleton (D:4)
  A jackal zombie (D:5)
  9 kobolds
  12 rats
136 creatures vanquished.

Vanquished Creatures (others)
  4 fungi (D:3)
  6 toadstools (D:3)
10 creatures vanquished.

Grand Total: 146 creatures vanquished

Notes
Turn   | Place    | Note
-------+----------+-------------------------------------------
     0 | D:1      | Kairos the Vine Stalker Fighter began the quest for the Orb.
     0 | D:1      | Reached XP level 1. HP: 11/11 MP: 2/2
   141 | D:1      | Reached XP level 2. HP: 16/16 MP: 3/3
   429 | D:1      | Reached skill level 2 in Axes
   601 | D:1      | Reached XP level 3. HP: 20/20 MP: 4/4
   952 | D:2      | Found a white marble altar of Elyvilon.
  1041 | D:2      | Found an iron altar of Okawaru.
  1190 | D:2      | Found a burning altar of Makhleb.
  1537 | D:3      | Found a sacrificial altar of Ru.
  1555 | D:3      | Gained mutation: Your natural rate of healing is unusually fast. [Vine Stalker growth]
  1555 | D:3      | Reached XP level 4. HP: 24/24 MP: 5/5
  1572 | D:3      | Reached skill level 3 in Axes
  1572 | D:3      | Reached XP level 5. HP: 14/28 MP: 2/6
  2030 | D:3      | Reached XP level 6. HP: 23/32 MP: 5/7
  2266 | D:4      | Found a staircase to the Ecumenical Temple.
  2286 | Temple   | Entered the Ecumenical Temple
  2436 | D:4      | Reached skill level 4 in Axes
  2602 | D:4      | Found a sparkling altar of Nemelex Xobeh.
  2676 | D:4      | Reached XP level 7. HP: 36/36 MP: 8/8
  2734 | D:4      | Found an ancient bone altar of Kikubaaqudgha.
  3082 | D:5      | Entered Level 5 of the Dungeon
  3093 | D:5      | Noticed 4thArraOfDagon's ghost (weakling DsEE)
  3241 | D:5      | Killed 4thArraOfDagon's ghost
  3241 | D:5      | Reached skill level 1 in Dodging
  3288 | D:5      | Found a shadowy altar of Dithmenos.
  3332 | D:5      | Found an iron altar of Okawaru.
  3341 | D:5      | Reached skill level 5 in Axes
  3346 | D:5      | Reached skill level 1 in Stealth
  3372 | D:5      | Became a worshipper of Warmaster Okawaru
  3467 | D:5      | Gained mutation: You have razor-sharp teeth. [Vine Stalker growth]
  3467 | D:5      | Reached XP level 8. HP: 30/42 MP: 5/9
  3592 | D:6      | Found a radiant altar of Vehumet.
  3880 | D:6      | Reached * piety under Okawaru
  3880 | D:6      | Reached skill level 6 in Axes
  4001 | D:6      | Reached skill level 1 in Evocations
  4083 | D:6      | Reached XP level 9. HP: 9/46 MP: 1/11
  4083 | D:6      | Killed from afar by an orc priest

Vault maps used:
D:1:      minmay_arrival_up_and_down, hangedman_abyss_or_decor_stabs,
          minmay_crystal_water, minmay_misc_feat_chi
D:2:      nicolae_overflow_crystal_walls, overflow_temple_1_default,
          bloody_makhleb, first_ration
D:3:      cheibrodos_fertilizer, overflow_temple_1_default, minmay_box_of_dots
D:4:      kiku_gazebo_pond_becter, nemelex_xobeh_ov_fountains_minmay,
          minmay_temple_entry_butterflies
D:5:      kennysheep_mini_moat, okawaru_gym_becter
D:6:      lemuel_crystal_altar, serial_shops, nicolae_shop_window_shopping,
          cheibrodos_ashenzari_chains
Temple:   zaba_magenta_temple

Skill      XL: |  1  2  3  4  5  6  7  8 |
---------------+-------------------------+-----
Fighting       | 3 4 |  4.4
Axes           | 2 3 4 5 6 |  6.8
Armour         | 3 4 |  4.5
Shields        | 3 4 |  4.9
Dodging        | 1 2 |  2.1
Stealth        | 1 |  1.4
Evocations     | 1 |  1.4

Action                   |  1- 3 |  4- 6 |  7- 9 || total
-------------------------+-------+-------+-------++-------
Melee: War axe           |    76 |   132 |   121 ||   329
       Bite              |    19 |    35 |    33 ||    87
 Abil: Evoke Berserk Rag |       |       |     3 ||     3
  Use: Scroll            |       |     9 |       ||     9
  Eat: Chunk             |     2 |     3 |     4 ||     9
       Ration            |       |       |     1 ||     1
Armor: Scale mail        |    36 |    61 |    87 ||   184
Dodge: Dodged            |    30 |    37 |    43 ||   110
Block: Shield            |    40 |    80 |    81 ||   201

Table legend:
 A = Spawn XP
 B = Non-spawn XP
 C = Spawn XP percentage of total XP
 D = Spawn monster count
 E = Non-spawn monster count
 F = Spawn count percentage of total count
 G = Total turns spent on level
                    A         B        C        D         E        F      G
               +---------+---------+-------+---------+---------+-------+---------
         Total |       0 |    2417 |   0.0 |       0 |     136 |   0.0 |  4083
               +---------+---------+-------+---------+---------+-------+---------
           D:1 |       0 |      34 |   0.0 |       0 |      15 |   0.0 |   869
           D:2 |       0 |      17 |   0.0 |       0 |       9 |   0.0 |   548
           D:3 |       0 |     333 |   0.0 |       0 |      50 |   0.0 |   835
           D:4 |       0 |     343 |   0.0 |       0 |      30 |   0.0 |   834
           D:5 |       0 |     640 |   0.0 |       0 |      14 |   0.0 |   567
           D:6 |       0 |    1050 |   0.0 |       0 |      18 |   0.0 |   329
               +---------+---------+-------+---------+---------+-------+---------
